 Dungeon Crawl Stone Soup version 0.28-a0-1510-gd0f6b136d3 (webtiles) character file.

Game seed: 17297683849192144902

0 psuckher the Digger (level 1, 0/10 HPs)
             Began as a Gargoyle Earth Elementalist on Jan 15, 2022.
             Slain by a bat (1 damage)
             ... on level 1 of the Dungeon.
             The game lasted 00:01:10 (183 turns).

psuckher the Digger (Gargoyle Earth Elementalist)    Turns: 183, Time: 00:01:11

Health: 0/10       AC: 10    Str: 11    XL:     1   Next: 10%
Magic:  3/3        EV:  5    Int: 15    God:
Gold:   9          SH:  0    Dex: 10    Spells: 3/4 levels left

rFire   . . .      SeeInvis .   (no weapon)
rCold   . . .      Faith    .   (no shield)
rNeg    + . .      Spirit   .   d - +0 chain mail
rPois   ∞          Reflect  .   (no helmet)
rElec   +          Harm     .   (no cloak)
rCorr   .          Rampage  .   (no gloves)
Will    .....                   (no boots)
Stlth   ..........              (no amulet)
HPRegen 0.03/turn               (no ring)
MPRegen 0.08/turn               (no ring)

@: no status effects
A: sickness immunity, AC +2, negative energy resistance 1, electricity
resistance, torment resistance 1, petrification resistance
a: no special abilities


You were on level 1 of the Dungeon.
You visited 1 branch of the dungeon, and saw 1 of its levels.

You collected 9 gold pieces.

Inventory:

Missiles
 c - 30 stones
Armour
 b - a +0 robe
 d - a +0 chain mail (worn)


   Skills:
 + Level 1.5 Dodging
 + Level 2.1 Stealth
 + Level 2.0 Spellcasting
 + Level 0.7 Transmutations
 + Level 3.6 Earth Magic


You had 3 spell levels left.
You knew the following spells:

 Your Spells              Type           Power      Damage    Failure   Level
a - Sandblast             Erth           24%        2d8       97%         1

Your spell library contained the following spells:

 Spells                   Type           Power      Damage    Failure   Level
 Freeze                   Ice            4%         1d3       100%        1
 Passwall                 Tmut/Erth      6%         N/A       100%        2
 Frozen Ramparts          Ice            2%         1d2       100%        3
 Stone Arrow              Conj/Erth      12%        3d7       100%        3
 Hailstorm                Conj/Ice       1%         3d3       100%        4
 Petrify                  Tmut/Erth      8%         N/A       100%        4


Dungeon Overview and Level Annotations

Branches:
Dungeon (1/15)

Altars:


Innate Abilities, Weirdness & Mutations

You are immune to sickness and miasma.
Your stone body is resilient. (AC +2)
You are immune to poison.
You resist negative energy. (rN+)
You are resistant to electric shocks. (rElec)
You are resistant to unholy torment.
You are immune to petrification.


Message History

The jackal bites you but does no damage.
You don't have enough magic to cast this spell.
The jackal bites you but does no damage.
The bat hits you but does no damage.
The jackal barks!
The jackal barely misses you.
The jackal bites you but does no damage.
You see here a bat corpse.
The jackal bites you but does no damage.
The bat hits you but does no damage. The bat hits you.
The jackal bites you but does no damage.
The jackal bites you. x2
* * * LOW HITPOINT WARNING * * *
The bat hits you but does no damage. The bat hits you but does no damage. x2
The bat hits you but does no damage. The bat hits you but does no damage.
Your magical contamination has completely faded away.
The bat hits you but does no damage. The bat hits you but does no damage. x2
The bat hits you but does no damage. The bat hits you.
* * * LOW HITPOINT WARNING * * *
The bat hits you but does no damage. x2
The bat barely misses you.
The jackal bites you but does no damage.
The bat hits you.
* * * LOW HITPOINT WARNING * * *
The bat barely misses you. The bat hits you but does no damage.
The jackal bites you but does no damage.
The bat hits you but does no damage. The bat hits you but does no damage.
The jackal bites you but does no damage.
The bat hits you but does no damage.
The jackal bites you but does no damage.
The bat hits you but does no damage. The bat hits you but does no damage.
The bat hits you.
You die...

.. .# .. ##### .# #. ....#.#
.## #.###############.#....h ..
..#.#.#.#.#.#.#.#....#.# .#
##...............### #..####.#
#......#..........##.#...##..#
##.......#.......## .#.#.....#
#.....#....#....@.# ..#.h.#.#
##...........#.b.## #h#.#.#.#
#....#.#.#.#...#hh# #.#.#....
##..............h#####..h##....
#...#..#.<.#..#.h.##..†###
..... ##...............###.#.#
###### #..#...#.#.#.#....##.#.#
##...#...........##h.#.#
#......#....#.....#h##.#


You could see 4 jackals and a bat.

Vanquished Creatures
  A bat (D:1)
1 creature vanquished.

Notes
Turn   | Place    | Note
-------+----------+-------------------------------------------
     0 | D:1      | psuckher the Gargoyle Earth Elementalist began the quest
                  | for the Orb.
     0 | D:1      | Reached XP level 1. HP: 10/10 MP: 3/3
   183 | D:1      | Slain by a bat

Illustrated notes

Levels and vault maps discovered:
D:1:      co_arrival_square_in_a_square_in_a_square, layout_rooms,
          dreamdust_ecumenical_altar_sealed_demon, hex_medium

Action                   || total
-------------------------++-------
Melee: Unarmed           ||     4
       Punch             ||     1
  Use: Scroll            ||     1
Armor: Chain mail        ||    38
       Robe              ||     1
Dodge: Dodged            ||     8

Table legend: (Time is in decaauts)
 A = Elapsed time spent in this place.
 B = Non-inter-level travel time spent in this place.
 C = Inter-level travel time spent in this place.
 D = Time resting spent in this place.
 E = Time spent auto-exploring this place.
 F = Levels seen in this place.
 G = Mean time per level.
                   A        B        C        D        E       F      G
               +--------+--------+--------+--------+--------+-----+--------+
         Total |    183 |    159 |     24 |      0 |      0 |   1 |  183.0 |
       Dungeon |    183 |    159 |     24 |      0 |      0 |   1 |  183.0 |
               +--------+--------+--------+--------+--------+-----+--------+

Top non-repeatable levels by time:
     D:1: 183 daAuts
